 Dungeon Crawl Stone Soup version 0.23-a0-164-g7711e57 (webtiles) character file.

1987 digijack the Conjurer (level 9, 71/71 HPs)
             Began as a White Draconian Fire Elementalist on Sept 10, 2018.
             Was a Follower of Vehumet.
             Got out of the dungeon alive.
             The game lasted 00:40:03 (8175 turns).

digijack the Conjurer (DrFE)                        Turns: 8175, Time: 00:40:04

Health: 71/71      AC:  9    Str: 11    XL:     9   Next: 1%
Magic:  17/17      EV: 19    Int: 16    God:    Vehumet [*.....]
Gold:   318        SH:  0    Dex: 14    Spells: 14/19 levels left

rFire    . . .     SeeInvis .   f - +1 falchion
rCold    + . .     Gourm    .   (no shield)
rNeg     . . .     Faith    .   (armour unavailable)
rPois    .         Spirit   .   (helmet restricted)
rElec    +         Reflect  .   h - +1 cloak
rCorr    .         Harm     .   (no gloves)
MR       .....     Clarity  +   (no boots)
Stlth    ++........             (no amulet)
HPRegen  0.21/turn              e - +2 ring of dexterity
MPRegen  0.15/turn              j - +4 ring of evasion

@: no status effects
A: breathe frost, unfitting armour, talons 1, clarity, cold resistance 1, dopey
1, electricity resistance, cold-blooded, AC +7
a: Breathe Frost, Renounce Religion


You escaped.
You worshipped Vehumet.
Vehumet was aware of your devotion.
You were hungry.

You visited 1 branch of the dungeon, and saw 7 of its levels.

You collected 318 gold pieces.

Inventory:

Hand Weapons
 f - a +1 falchion (weapon)
Missiles
 a - a throwing net
 d - 288 stones
 l - 8 tomahawks (quivered)
Armour
 h - a +1 cloak (worn)
Jewellery
 e - a +2 ring of dexterity (left hand)
 j - a +4 ring of evasion (right hand)
 q - an uncursed amulet of inaccuracy
Wands
 i - a wand of digging (6)
Scrolls
 c - 4 scrolls of teleportation
 g - 4 scrolls of identify
 o - 2 scrolls of blinking
Potions
 k - a potion of curing
 m - 2 potions of invisibility
 n - 2 potions of brilliance
Comestibles
 b - 17 rations


   Skills:
 + Level 3.7 Fighting
 * Level 5.7 Dodging
 - Level 1.7 Stealth
 * Level 5.8 Spellcasting
 * Level 6.0 Conjurations
 - Level 4.1 Fire Magic


You had 14 spell levels left.
You knew the following spells:

 Your Spells              Type           Power        Failure   Level  Hunger
a - Flame Tongue          Conj/Fire      ###..        1%          1    None
b - Throw Flame           Conj/Fire      ###...       2%          2    #......
c - Apportation           Tloc           #.....       14%         1    None
d - Magic Dart            Conj           ###.         1%          1    None

Your spell library contained the following spells:

 Spells                   Type           Power        Failure   Level  Hunger
 Conjure Flame            Conj/Fire      ###.....     5%          3    ##.....
 Animate Skeleton         Necr           N/A          14%         1    None
 Confusing Touch          Hex            #.....       14%         1    None
 Sandblast                Erth           #.....       14%         1    None
 Summon Small Mammal      Summ           #...         14%         1    None
 Sticky Flame             Conj/Fire      ###.....     17%         4    ####...
 Inner Flame              Hex/Fire       ##......     19%         3    ##.....
 Fireball                 Conj/Fire      ###.......   43%         5    ######.


Dungeon Overview and Level Annotations

Branches:
Dungeon (7/15)             Temple (0/1) D:7

Altars:
Dithmenos
Hepliaklqana
Sif Muna
Vehumet
Zin

Annotations:
D:4 Edmund


Innate Abilities, Weirdness & Mutations

You can breathe waves of freezing cold.
You can buffet flying creatures when you breathe cold.
Your icy white scales are hard. (AC +7)
You cannot fit into any form of body armour.
Your flesh is cold resistant. (rC+)
You are cold-blooded and may be slowed by cold attacks.
You have sharp toenails.
You possess an exceptional clarity of mind.
You are dopey. (Int -2)
You are resistant to electric shocks. (rElec)


Message History

You climb upwards.
There is a stone staircase leading down here.
There is a stone staircase leading up here.
You climb upwards.
There is a stone staircase leading down here.
You see here a club.
There is a stone staircase leading up here.
You climb upwards.
There is a stone staircase leading down here.
You open the door.
There is an open door here.
There is an open door here.
There is an open door here.
There is an open door here.
You are feeling hungry.
You can't go up here!
There is a staircase leading out of the dungeon here.
There are no items here.
Are you sure you want to leave the Dungeon?
This will make you lose the game!
You have escaped!

#....# #.......##.#
# #....#
#####.......#
#....#
#..........##
#....###.#######..#
#.....##.#.....#..#
###
#..............#..#
#..
#.....#######..#).#
#..
#.....#.....#..#..#
#..
#.....#..#@....#..#
#..
####).#..#######..#
#..
##.#...........#
#.. #.#.....#.....#
#.. #.#######.#####
#.. #.........# #..
########### #.? #..
#..


There were no monsters in sight!

Vanquished Creatures
  Prince Ribbit (D:7)
  A sky beast (D:7)
  A necrophage (D:5)
  3 ice beasts
  3 centaurs
  A bullfrog (D:6)
  2 scorpions
  5 howler monkeys
  A crimson imp (D:5)
  2 hounds
  6 orc priests
  8 orc wizards
  2 worker ants
  A hound zombie (D:6)
  8 adders
  3 gnolls (D:4)
  An ooze (D:1)
  An adder skeleton (D:3)
  3 worms
  2 dart slugs (D:1)
  3 leopard geckos
  22 orcs
  2 ball pythons
  8 bats
  4 giant cockroaches
  8 goblins
  4 hobgoblins
  16 jackals
  2 quokkas
  3 frilled lizards
  A jackal zombie (D:4)
  5 kobolds
  A quokka zombie (D:5)
  4 rats
138 creatures vanquished.

Notes
Turn   | Place    | Note
-------+----------+-------------------------------------------
     0 | D:1      | digijack the Draconian Fire Elementalist began the quest
                  | for the Orb.
     0 | D:1      | Reached XP level 1. HP: 14/14 MP: 3/3
   389 | D:1      | Reached XP level 2. HP: 20/20 MP: 0/5
   488 | D:1      | Learned a level 2 spell: Throw Flame
   977 | D:1      | Reached XP level 3. HP: 17/26 MP: 3/6
  1548 | D:2      | Found a glowing silver altar of Zin.
  2234 | D:3      | Reached XP level 4. HP: 33/33 MP: 2/7
  2418 | D:3      | Reached skill level 2 in Conjurations
  2998 | D:3      | Reached XP level 5. HP: 32/38 MP: 3/9
  4050 | D:4      | Reached skill level 3 in Conjurations
  4050 | D:4      | Reached XP level 6. HP: 40/45 MP: 6/10
  4372 | D:4      | Reached skill level 1 in Fighting
  4618 | D:5      | Entered Level 5 of the Dungeon
  4645 | D:5      | Noticed Edmund
  5122 | D:5      | Your scales start taking on an icy white colour.
  5122 | D:5      | Reached XP level 7. HP: 28/52 MP: 7/12
  5122 | D:5      | Gained mutation: Your flesh is cold resistant. (rC+) [White
                  | Draconian growth]
  5429 | D:5      | Reached skill level 4 in Conjurations
  5678 | D:5      | Found a deep blue altar of Sif Muna.
  5689 | D:5      | Reached XP level 8. HP: 59/62 MP: 10/14
  6206 | D:5      | Found a radiant altar of Vehumet.
  6238 | D:5      | Became a worshipper of Vehumet
  6421 | D:6      | Reached skill level 5 in Conjurations
  6670 | D:5      | Learned a level 1 spell: Apportation
  6676 | D:5      | Identified Sif Muna's Catalogue of the Mountains
  6747 | D:6      | Found a hazy altar of Hepliaklqana.
  6753 | D:6      | Reached skill level 5 in Spellcasting
  6789 | D:6      | Found a shadowy altar of Dithmenos.
  6819 | D:6      | Reached skill level 5 in Dodging
  7178 | D:6      | Gained mutation: You are dopey. (Int -2) [potion of
                  | mutation]
  7178 | D:6      | Gained mutation: You are resistant to electric shocks.
                  | (rElec) [potion of mutation]
  7178 | D:6      | Gained mutation: You possess an exceptional clarity of
                  | mind. [potion of mutation]
  7178 | D:6      | Gained mutation: You have sharp toenails. [potion of
                  | mutation]
  7202 | D:6      | Reached * piety under Vehumet
  7202 | D:6      | Offered knowledge of Magic Dart by Vehumet.
  7219 | D:6      | Learned a level 1 spell: Magic Dart
  7655 | D:7      | Found a staircase to the Ecumenical Temple.
  7663 | D:7      | Noticed Prince Ribbit
  7671 | D:7      | Killed Prince Ribbit
  7943 | D:7      | Reached skill level 6 in Conjurations
  7943 | D:7      | Reached XP level 9. HP: 65/71 MP: 6/17
  8175 | D:$      | Got out of the dungeon alive.

Vault maps used:
D:1:      ebering_hopf_link
D:2:      old_standard_altar, minmay_heptomino_o4
D:3:      first_ration, kennysheep_potato
D:5:      led_sif_book, vehumet_crystals, serial_glass, glass_columns_a,
          glass_columns_a, glass_columns_a, glass_columns_c, glass_columns_c,
          due_unseen_surprise, item_on_display_a, feat_on_display,
          item_on_display_a, uniq_edmund
D:6:      chequers_temple_overflow_statue_of_worship
D:7:      minmay_temple_entry_glass, uniq_prince_ribbit1,
          uniq_crazy_yiuf_cottage

Skill      XL: |  1  2  3  4  5  6  7  8 |
---------------+-------------------------+-----
Dodging        | 2 3 4 5 |  5.7
Conjurations   | 2 3 4 6 |  6.0
Fire Magic     | 4 |  4.1
Spellcasting   | 3 4 5 |  5.8
Fighting       | 1 2 3 |  3.7
Stealth        | |  1.7

Action                   |  1- 3 |  4- 6 |  7- 9 || total
-------------------------+-------+-------+-------++-------
Melee: Unarmed           |    15 |       |       ||    15
       Tailslap          |     3 |     9 |    15 ||    27
       Falchion          |    16 |    36 |    79 ||   131
       Kick              |       |       |     1 ||     1
 Cast: Flame Tongue      |    69 |   106 |   107 ||   282
       Throw Flame       |     2 |     7 |     8 ||    17
       Magic Dart        |       |       |    18 ||    18
       Apportation       |       |       |     3 ||     3
 Abil: Breathe Frost     |       |       |     5 ||     5
  Use: Scroll            |     5 |     8 |     3 ||    16
       Potion            |     3 |     4 |     3 ||    10
 Stab: Sleeping          |       |     1 |       ||     1
       Distracted        |       |       |     1 ||     1
  Eat: Chunk             |     4 |    11 |    10 ||    25
Armor: Skin              |    30 |    27 |    48 ||   105
Dodge: Dodged            |    34 |    93 |   166 ||   293
       Rpst.: Falchion   |     7 |    32 |    46 ||    85

Table legend:
 A = Non-vault XP
 B = Vault XP
 C = Vault XP percentage of total XP
 D = Non-vault monster count
 E = Vault monster count
 F = Vault count percentage of total count
                 A         B        C        D         E       F
            +---------+---------+-------+---------+---------+-------
      Total |    2468 |     371 |  13.1 |     130 |       8 |   5.8
            +---------+---------+-------+---------+---------+-------
        D:1 |      43 |       0 |   0.0 |      20 |       0 |   0.0
        D:2 |      44 |      16 |  26.7 |      10 |       2 |  16.7
        D:3 |     165 |      17 |   9.3 |      30 |       3 |   9.1
        D:4 |     321 |       0 |   0.0 |      14 |       0 |   0.0
        D:5 |     983 |      83 |   7.8 |      27 |       2 |   6.9
        D:6 |     647 |       0 |   0.0 |      25 |       0 |   0.0
        D:7 |     265 |     255 |  49.0 |       4 |       1 |  20.0
            +---------+---------+-------+---------+---------+-------
